 Dungeon Crawl Stone Soup version 0.29.1-15-g9cfb28693d (webtiles) character file.

Game seed: 545944245196018734

4057 vishdafish the Destroyer (level 10, 35/63 HPs)
             Began as a Demonspawn Conjurer on Mar 29, 2023.
             Was a Follower of Vehumet.
             Quit the game on level 7 of the Dungeon.
             The game lasted 00:19:18 (8466 turns).

vishdafish the Destroyer (Demonspawn Conjurer)      Turns: 8466, Time: 00:19:19

Health: 35/63      AC:  9    Str:  7    XL:     10   Next: 4%
Magic:  4/23       EV: 12    Int: 25    God:    Vehumet [*.....]
Gold:   238        SH:  0    Dex: 11    Spells: 19/28 levels left

rFire   . . .      SeeInvis .   w - +2 falchion (vorpal)
rCold   . . .      Faith    .   (no shield)
rNeg    . . .      Spirit   +   D - +2 robe {Will+}
rPois   .          Reflect  .   F - +0 helmet
rElec   .          Harm     .   (cloak unavailable)
rCorr   .          Rampage  .   (no gloves)
Will    +....                   x - +0 pair of boots
Stlth   ++........              (no amulet)
HPRegen 0.20/turn               l - +4 ring of slaying
MPRegen 0.36/turn               (no ring)

@: no status effects
A: yellow scales 2, foul stench 1, magic shield, magic regeneration, weakness
stinger 3
a: Renounce Religion


You were on level 7 of the Dungeon.
You worshipped Vehumet.
Vehumet was aware of your devotion.
You visited 2 branches of the dungeon, and saw 8 of its levels.

You collected 238 gold pieces.

Inventory:

Hand Weapons
 h - a +0 trident
 w - a +2 vorpal falchion (weapon)
 B - a +2 dagger of electrocution
Missiles
 d - 4 curare-tipped darts
Armour
 a - a +0 robe
 j - an orb of guile
 x - a +0 pair of boots (worn)
 D - a +2 robe of willpower (worn)
 F - a +0 helmet (worn)
Jewellery
 l - a +4 ring of slaying (left hand)
 o - a ring of ice
 s - a ring of positive energy
Wands
 A - a wand of polymorph (3)
 H - a wand of flame (23)
Scrolls
 c - 2 scrolls of amnesia
 e - a scroll of butterflies {unknown}
 f - a scroll of magic mapping {unknown}
 g - 2 scrolls of teleportation
 i - 10 scrolls of identify {unknown}
 k - a scroll of acquirement {unknown}
 m - 3 scrolls of vulnerability {unknown}
 n - a scroll of poison {unknown}
 p - 3 scrolls of fear {unknown}
 y - a scroll of enchant weapon {unknown}
Potions
 b - a potion of magic
 q - 2 potions of degeneration
 r - 2 potions of attraction
 t - a potion of might {unknown}
 u - 2 potions of lignification
 v - a potion of haste {unknown}
 z - a potion of flight {unknown}
 C - a potion of berserk rage {unknown}
 E - a potion of ambrosia {unknown}
 G - a potion of curing


   Skills:
 - Level 1.9 Dodging
 - Level 2.0 Stealth
 + Level 9.6 Spellcasting
 + Level 11.0 Conjurations


You had 19 spell levels left.
You knew the following spells:

 Your Spells              Type           Power      Damage    Failure   Level
a - Magic Dart            Conj           100%       1d8       1%          1
b - Fulminant Prism       Conj/Hex       19%        3d11      5%          4
c - Iskenderun's Mystic   Conj/Tloc      39%        2d9       5%          4

Your spell library contained the following spells:

 Spells                   Type           Power      Damage    Failure   Level
 Foxfire                  Conj/Fire      100%       2x1d9     1%          1
 Searing Ray              Conj           100%       2d8       1%          2
 Dazzling Flash           Conj/Hex       78%        N/A       1%          3
 Slow                     Hex            48%        N/A       4%          1
 Summon Small Mammal      Summ           48%        N/A       4%          1
 Call Canine Familiar     Summ           12%        N/A       16%         3
 Confusing Touch          Hex            12%        N/A       16%         3
 Summon Guardian Golem    Hex/Summ       12%        N/A       16%         3
 Vampiric Draining        Necr           12%        2d6       16%         3
 Summon Lightning Spire   Summ/Air       12%        N/A       45%         4
 Storm Form               Tmut/Air       6%         N/A       100%        7
 Maxwell's Capacitive Co  Air            6%         ∞         100%        8


Dungeon Overview and Level Annotations

Branches:
Dungeon (7/15)             Temple (1/1) D:5

Altars:
Ashenzari
Cheibriados
Dithmenos
Fedhas
Gozag
Hepliaklqana
Kikubaaqudgha
Nemelex Xobeh
Okawaru
Qazlal
Ru
Trog
Uskayaw
Vehumet
Wu Jian
Xom
Yredelemnul

Shops:
D:1 *


Innate Abilities, Weirdness & Mutations

You are mostly covered in yellow scales. (AC +3)
You may rarely emit foul miasma when damaged in melee.
When hurt, damage is shared between your health and your magic reserves.
You regenerate magic rapidly.
You have a sharp stinger which inflicts weakening toxins.


Message History

Your fulminant prism crackles loudly.
Your fulminant prism explodes!
The blast of energy engulfs the orc!!
You kill the orc!
Vehumet accepts your kill.
The blast of energy engulfs the troll!!
The troll is severely wounded.
The blast of energy engulfs the two-headed ogre!
The two-headed ogre is moderately wounded.
You hear a bark!
Casting: Iskenderun's Mystic Blast (dangerous; 5% risk of failure)
Confirm with . or Enter, or press ? or * to list all spells.
Aiming: Fulminant Prism (dangerous; 5% risk of failure)
Press: ? - help, Dir - move target You conjure a prism of explosive energy!
A fulminant prism comes into view.
The troll misses you. The troll claws you.
The troll claws you but does no damage.
Casting: Fulminant Prism (dangerous; 5% risk of failure)
Confirm with . or Enter, or press ? or * to list all spells.
You erupt in a blast of force!
The mystic blast hits the troll!
The troll is almost dead.
The troll is knocked back by the mystic blast.
The mystic blast hits the two-headed ogre!
The two-headed ogre is heavily wounded.
The two-headed ogre hits you with a +0 dire flail!!
The two-headed ogre barely misses you.
Your fulminant prism crackles loudly.
Your fulminant prism explodes!
The blast of energy engulfs the troll!!
You kill the troll!
Vehumet accepts your kill.
The troll leather armour is intact enough to wear.
The blast of energy engulfs the two-headed ogre!!
The two-headed ogre is almost dead.
Your Conjurations skill increases to level 11!
You have reached level 10!
Your demonic ancestry asserts itself...
You begin to emit a foul stench of rot and decay.
Are you sure you want to abandon this character and quit the game? (Confirm with "yes".) #....##...#######.# #.##..#...#......## .T ##.'...#.....## #.= #.#)..##....# :B}

...#...##....# #+
#+###...##....# #[O.....).##
#......)...# +@........##
#.........# #.........#
####+#####+###.#####...#
.................###...## ###
#.......................####...
............#.................
............#.................
...##...##..###..##..##..####.


You could see a two-headed ogre.

Vanquished Creatures
  Pikel (D:7)
  Maggie (D:6)
  A troll (D:7)
  Sigmund (D:3)
  Menkaure (D:5)
  Duvessa (D:6)
  2 water moccasins (D:7)
  An orc warrior (D:6)
  4 sky beasts
  3 black bears
  3 ogres
  A centaur (D:6)
  2 lemures (D:7)
  2 kobold brigands (D:3)
  A bullfrog (D:7)
  A necrophage (D:5)
  2 scorpions
  Dowan (D:6)
  3 wights (D:6)
  A howler monkey (D:5)
  3 jellies
  2 hounds
  3 orc priests
  8 iguanas
  Terence (D:2)
  4 orc wizards
  6 gnolls
  9 adders
  A shadow imp (D:7)
  3 worms
  A dart slug (D:4)
  15 orcs
  4 bats
  8 endoplasms
  3 giant cockroaches
  11 goblins
  12 hobgoblins
  9 kobolds
  A quokka (D:2)
  8 ball pythons
  5 frilled lizards
  4 rats
154 creatures vanquished.

Vanquished Creatures (others)
  29 fulminant prisms
29 creatures vanquished.

Grand Total: 183 creatures vanquished

Notes
Turn   | Place    | Note
-------+----------+-------------------------------------------
     0 | D:1      | vishdafish the Demonspawn Conjurer began the quest for the
                  | Orb.
     0 | D:1      | Reached XP level 1. HP: 13/13 MP: 3/3
   263 | D:1      | Found Taghou's Assorted Antiques.
   318 | D:1      | Gained mutation: You are partially covered in yellow
                  | scales. (AC +2) [demonic ancestry]
   318 | D:1      | Reached XP level 2. HP: 19/19 MP: 3/5
   381 | D:1      | Found a faded altar of an unknown god.
  1088 | D:2      | Gained mutation: You regenerate magic rapidly. [demonic
                  | ancestry]
  1088 | D:2      | Reached XP level 3. HP: 24/24 MP: 2/6
  1367 | D:2      | Noticed Terence
  1374 | D:2      | Killed Terence
  1375 | D:2      | Gained mutation: You have a small tail. [demonic ancestry]
  1375 | D:2      | Reached XP level 4. HP: 30/30 MP: 1/8
  1780 | D:3      | Reached skill level 5 in Conjurations
  1924 | D:3      | Found a broken altar of Ashenzari.
  1925 | D:3      | Found a blossoming altar of Fedhas.
  2147 | D:3      | Noticed Sigmund
  2154 | D:3      | Noticed a sky beast
  2169 | D:2      | Gained mutation: When hurt, damage is shared between your
                  | health and your magic reserves. [demonic ancestry]
  2169 | D:2      | Reached XP level 5. HP: 35/35 MP: 10/10
  2379 | D:4      | Learned a level 4 spell: Fulminant Prism
  2384 | D:4      | Learned a level 4 spell: Iskenderun's Mystic Blast
  2743 | D:4      | Gained mutation: You have a tail ending in a sharp stinger.
                  | [demonic ancestry]
  2743 | D:4      | Reached XP level 6. HP: 41/41 MP: 10/12
  3077 | D:4      | Reached skill level 6 in Conjurations
  3559 | D:3      | Reached skill level 5 in Spellcasting
  3580 | D:3      | Killed a sky beast
  3581 | D:3      | Gained mutation: You have a sharp stinger which inflicts
                  | weakening toxins. [demonic ancestry]
  3581 | D:3      | Reached XP level 7. HP: 46/46 MP: 4/14
  3630 | D:3      | Killed Sigmund
  3631 | D:3      | Reached skill level 7 in Conjurations
  4759 | D:5      | Entered Level 5 of the Dungeon
  4843 | D:5      | Gained mutation: You are mostly covered in yellow scales.
                  | (AC +3) [demonic ancestry]
  4843 | D:5      | Reached XP level 8. HP: 52/52 MP: 12/17
  5182 | D:5      | Reached skill level 8 in Conjurations
  5232 | D:5      | Found a staircase to the Ecumenical Temple.
  5279 | D:5      | Noticed Menkaure
  5285 | D:5      | Killed Menkaure
  5857 | D:5      | Found a snail-covered altar of Cheibriados.
  6158 | Temple   | Entered the Ecumenical Temple
  6446 | Temple   | Became a worshipper of Vehumet
  6692 | D:6      | Noticed Maggie
  6715 | D:6      | Noticed Dowan
  6718 | D:6      | Noticed Duvessa
  6721 | D:6      | Killed Dowan
  6723 | D:6      | Reached skill level 9 in Conjurations
  6732 | D:6      | Killed Duvessa
  7053 | D:6      | Reached XP level 9. HP: 54/57 MP: 13/20
  7207 | D:6      | Killed Maggie
  7513 | D:6      | Found an iron altar of Okawaru.
  7576 | D:6      | Reached skill level 10 in Conjurations
  7920 | D:6      | Found an ancient bone altar of Kikubaaqudgha.
  8242 | D:7      | Reached * piety under Vehumet
  8242 | D:7      | Offered knowledge of Foxfire by Vehumet.
  8410 | D:7      | Noticed Pikel
  8416 | D:7      | Killed Pikel
  8451 | D:7      | Noticed a troll
  8451 | D:7      | Noticed a boulder beetle
  8452 | D:7      | Noticed a two-headed ogre
  8465 | D:7      | Killed a troll
  8466 | D:7      | Reached skill level 11 in Conjurations
  8466 | D:7      | Gained mutation: You may rarely emit foul miasma when
                  | damaged in melee. [demonic ancestry]
  8466 | D:7      | Reached XP level 10. HP: 35/63 MP: 4/23
  8466 | D:7      | Quit the game

Illustrated notes

Levels and vault maps discovered:
D:1:      mrwooster_arrival_statue_2, layout_loops_ring,
          hellmonk_ecumenical_altar_pennies_from_heaven, serial_shops, shop,
          hangedman_abyss_or_decor_lesser_grid, minmay_tromino_v4_c
D:2:      kennysheep_six_static_rooms, layout_basic,
          nicolae_elevator_lobby_plus, uniq_terence
D:3:      cheibrodos_thug_alley, layout_loops_ring, minitemple, uniq_sigmund
D:4:      minmay_chambers_of_threes, layout_loops_ring,
          chequers_serial_rivers_small_b
D:5:      layout_basic, chei_slow_surprise, minmay_temple_entry_antechambers,
          nicolae_elevator_lobby_asterisk, uniq_menkaure
D:6:      layout_loops_ring, kennysheep_okawaru_gauntlet,
          nicolae_overflow_hidden_temple, uniq_duvessa, uniq_maggie
D:7:      minmay_the_grid_square_5x5_3x3
          [minmay_the_grid_square_5x5_almost_minimal,
          minmay_the_grid_square_5x5_percent, minmay_the_grid_square_5x5_plus,
          minmay_the_grid_square_5x5_hollow_slash,
          minmay_the_grid_square_5x5_megaprize_diamond,
          minmay_the_grid_square_5x5_bridge, minmay_the_grid_square_5x5_c,
          minmay_the_grid_square_5x5_bite, minmay_the_grid_square_5x5_one_wall],
          layout_gridville, gammafunk_temple_overflow_pools,
          kennysheep_nondescript, uniq_crazy_yiuf_cottage, uniq_pikel
Temple:   dpeg_chambers_temple

Skill      XL: |  1  2  3  4  5  6  7  8  9 |
---------------+----------------------------+-----
Stealth        | 2 |  2.0
Spellcasting   | 3 4 5 6 7 9 |  9.6
Conjurations   | 5 6 7 9 11 | 11.0
Dodging        | |  1.9

Action                   |  1- 3 |  4- 6 |  7- 9 | 10-12 || total
-------------------------+-------+-------+-------+-------++-------
Melee: Trident           |       |    47 |    20 |       ||    67
       Tailslap          |       |     2 |     7 |       ||     9
       Falchion          |       |       |    41 |       ||    41
Throw: Dart              |       |       |     1 |       ||     1
 Cast: Magic Dart        |    65 |   100 |   170 |       ||   335
       Fulminant Prism   |       |     4 |    25 |       ||    29
       Iskenderun's Myst |       |       |    27 |       ||    27
Evoke: Wand              |       |       |    27 |       ||    27
  Use: Scroll            |       |     3 |       |       ||     3
       Potion            |       |     1 |     5 |       ||     6
 Stab: Sleeping          |       |       |     1 |       ||     1
Armor: Robe              |     2 |     8 |    40 |       ||    50
       Skin              |       |    27 |     7 |       ||    34
Dodge: Dodged            |     7 |    27 |    59 |       ||    93
